[Event "WYCC 2018 G16"]
[Site "Halkidiki"]
[Date "2018.10.30"]
[Round "11"]
[White "Jarocka, Liwia"]
[Black "Yurasova, Daria"]
[Result "0-1"]
[ECO "C70"]
[WhiteElo "1990"]
[BlackElo "2193"]
[Annotator "NA"]
[PlyCount "120"]
[EventDate "2018.10.20"]
[EventType "swiss"]
[EventCountry "GRE"]
[SourceTitle "playchess.com"]
[Source "ChessBase"]
[SourceQuality "1"]
[TimeControl "40/5400+30:1800+30"]

1. e4 e5 2. Nf3 Nc6 3. Bb5 a6 4. Ba4 b5 5. Bb3 g6 {[%emt 0:00:00] C70: Ruy Lopez: 3...a6 4 Ba4, Norwegian and Delayed Schliemann} 6. c3 (6. d4 exd4 7. Nxd4 Na5 8. O-O Bg7 9. Re1 Ne7 10. e5 O-O 11. Bg5 c5 12. Bd5 Rb8 13. Nb3 Nxb3 14. axb3 {0-1 (31) Kramnik,V (2792)-Mamedyarov,S (2808) Paris 2018}) 6... Na5 $146 ({Predecessor:} 6... Bg7 7. O-O Nge7 8. d4 exd4 9. cxd4 O-O 10. d5 Na5 11. d6 cxd6 12. Qxd6 Nb7 13. Qb4 Nc6 14. Qe1 Nc5 15. Bg5 Qe8 16. Nc3 {½-½ (73) Zou,C (2365)-Santos Ruiz,M (2524) Manavgat 2018}) 7. Nxe5 Nxb3 8. Qxb3 Qe7 9. d4 f6 10. Nf3 Qxe4+ 11. Be3 Qd3 12. Nbd2 Bb7 13. O-O-O O-O-O 14. a4 Ne7 15. Nb1 Qf5 16. axb5 Qxb5 17. Qxb5 axb5 18. Na3 b4 19. cxb4 Nd5 20. b5 Nxe3 21. fxe3 Bh6 22. Rd3 Rhe8 23. Re1 Bd5 24. Kd2 Kb7 25. Ke2 Re6 26. Kf2 Ra8 27. Nd2 Rae8 28. Rc3 f5 29. Nc2 f4 30. e4 Bxe4 31. Nb3 Bf8 32. Rc1 Bd5 33. Ne1 Re2+ 34. Kf1 Bb4 35. Rxc7+ Kb8 36. Nd3 Bxg2+ 37. Kg1 Bd2 38. Nxd2 Rxd2 39. Nxf4 Bb7 40. Rxd7 g5 41. Nd5 Rxb2 42. Nc7 Rg2+ 43. Kf1 Rf8+ 44. Ke1 Rg1+ 45. Kd2 Rf2+ 46. Ke3 Rf3+ 47. Kd2 Rxc1 48. Kxc1 Rc3+ 49. Kd2 Rxc7 50. Rd6 Be4 51. Ke3 Bg6 52. d5 Kb7 53. Kd4 Rc2 54. h3 Bf5 55. Rh6 Bg6 56. Ke5 Rh2 57. d6 g4 58. b6 $19 (58. Rh4 $142 gxh3 59. Rh6) 58... Kxb6 59. Kf4 Rxh3 60. d7 Kc7 0-1

[Event "WYCC 2018 G16"]
[Site "Halkidiki"]
[Date "2018.10.30"]
[Round "11"]
[White "Aciu, Malina-Andreea"]
[Black "Nestorovic, Katarina"]
[Result "1/2-1/2"]
[ECO "B22"]
[WhiteElo "1976"]
[BlackElo "2015"]
[Annotator "NA"]
[PlyCount "94"]
[EventDate "2018.10.20"]
[EventType "swiss"]
[EventCountry "GRE"]
[SourceTitle "playchess.com"]
[Source "ChessBase"]
[SourceQuality "1"]
[TimeControl "40/5400+30:1800+30"]

1. e4 c5 2. c3 Nf6 3. e5 Nd5 4. d4 cxd4 5. Nf3 e6 6. cxd4 d6 7. Bc4 Nc6 8. O-O Be7 9. Qe2 O-O 10. Nc3 Nxc3 11. bxc3 Qc7 {[%emt 0:01:36] B22: Sicilian: 2 c3} (11... dxe5 12. dxe5 b6 13. Rd1 Qc7 14. Bd3 Bb7 15. h4 Rfd8 16. Bf4 Rd5 17. Bc2 Rxd1+ 18. Rxd1 Rd8 19. Rc1 Rd7 20. Nd4 Nxd4 21. cxd4 {0-1 (36) Vachier Lagrave,M (2758)-Grischuk,A (2810) Beijing 2014}) 12. Bd2 Bd7 13. Rfe1 $146 ({Predecessor:} 13. Bd3 g6 14. Rfe1 Rfd8 15. Rac1 dxe5 16. dxe5 Be8 17. Bb1 Rd5 18. Qc4 Rad8 19. Bg5 Bxg5 20. Nxg5 Rxe5 {1-0 (50) Jankunas,T (2093)-Mak,T (1840) Batumi 2018}) 13... d5 14. Bd3 Qd8 15. Rab1 Na5 16. Be3 b6 17. Nd2 Rc8 18. c4 dxc4 19. Nxc4 Nxc4 20. Bxc4 Bc6 21. Bd3 Qd5 22. f3 Rfd8 23. Bf2 Qa5 24. Ba6 Rc7 25. Bb5 Bxb5 26. Rxb5 Qa4 27. Rb2 Ba3 28. Rb3 Rdc8 29. Qd3 Bb4 30. Rf1 Rc1 31. g4 R1c4 32. d5 exd5 33. Qxd5 Qxa2 34. Qd3 Bc3 35. Rb5 Qd2 36. Qf5 g6 37. Qf6 Qf4 38. Qxf4 Rxf4 39. Kg2 Rb4 40. Rd5 Re8 41. Rc1 Bb2 42. Rc7 a5 43. Rb7 $2 ({White has to play} 43. Bg3 $15) 43... Rxe5 44. Rd8+ $1 Kg7 $11 45. Rdd7 Re8 46. Bxb6 Bc3 47. Bxa5 Rb2+ 1/2-1/2

[Event "WYCC 2018 G16"]
[Site "Halkidiki"]
[Date "2018.10.30"]
[Round "11"]
[White "De Silva, Tenara"]
[Black "Cramling Bellon, Anna"]
[Result "1-0"]
[ECO "A30"]
[WhiteElo "1927"]
[BlackElo "2025"]
[Annotator "NA"]
[PlyCount "130"]
[EventDate "2018.10.20"]
[EventType "swiss"]
[EventCountry "GRE"]
[SourceTitle "playchess.com"]
[Source "ChessBase"]
[SourceQuality "1"]
[TimeControl "40/5400+30:1800+30"]

1. c4 c5 2. Nf3 Nc6 3. Nc3 e5 4. e3 Nf6 5. d4 cxd4 6. exd4 e4 {[%emt 0:00:05] localhost_prl} 7. Ne5 Bb4 {[%emt 0:02:14] A34: Symmetrical English: 2 Nc3, lines with ...d5} 8. Bf4 (8. Be2 O-O 9. O-O Re8 10. Bf4 Bxc3 11. bxc3 Ne7 12. c5 Ned5 13. Bd2 d6 14. cxd6 Qxd6 15. c4 Ne7 16. Bc3 {0-1 (97) Wei,Y (2740)-Adhiban,B (2671) Hoogeveen 2017}) 8... Qa5 9. Nxc6 $146 ({Predecessor:} 9. Qd2 Ne7 10. c5 b5 11. cxb6 Qxb6 12. a3 Bxc3 13. bxc3 O-O 14. Be2 Ba6 15. c4 {0-1 (27) Noroozi,O (2274)-Sadorra,J (2455) Dubai 2008}) 9... bxc6 10. Qc2 d5 11. c5 O-O 12. Be2 Ba6 13. Bxa6 Qxa6 14. a3 Rfe8 15. Rc1 Bxc3+ 16. Qxc3 e3 17. f3 Nh5 18. Bd6 Re6 19. g3 g5 20. Be5 f6 21. Bd6 Ng7 22. Qc2 Ne8 23. Qe2 Qa5+ 24. Kf1 Nxd6 25. cxd6 Rxd6 26. Qxe3 Qa6+ 27. Kf2 Qb7 28. Rc2 Qd7 29. Re1 Rb8 30. Qe7 Rb7 31. Qxd7 Rbxd7 32. Re8+ Kf7 33. Rc8 Rb7 34. b4 Ke6 35. R8xc6 Kd7 36. R6c5 Ke6 37. Re2+ Kf5 38. g4+ Kg6 39. Kg3 h5 40. gxh5+ Kxh5 41. Re8 Kg6 42. Rec8 Kf5 43. R5c6 Ke6 44. Re8+ Kd7 45. Rcc8 Rbb6 46. Kg4 Ra6 47. Rcd8+ Kc7 48. Rxd6 Kxd6 49. Re3 Kd7 50. h3 Rb6 51. Kf5 a6 52. Rc3 Rd6 53. Rc5 Kd8 54. a4 Kd7 55. b5 axb5 56. axb5 Rb6 57. Rxd5+ Ke7 58. Rc5 Rb7 59. Ke4 Rb6 60. d5 Rb7 61. Kd4 Rb8 62. Kc4 Rh8 63. b6 Rb8 64. Rc6 Kd7 $18 65. Rxf6 Rh8 1-0

[Event "WYCC 2018 G16"]
[Site "Halkidiki"]
[Date "2018.10.30"]
[Round "11"]
[White "Hajiyeva, Laman"]
[Black "Palma, Maria"]
[Result "1/2-1/2"]
[ECO "D35"]
[WhiteElo "1916"]
[BlackElo "2106"]
[Annotator "NA"]
[PlyCount "96"]
[EventDate "2018.10.20"]
[EventType "swiss"]
[EventCountry "GRE"]
[SourceTitle "playchess.com"]
[Source "ChessBase"]
[SourceQuality "1"]
[TimeControl "40/5400+30:1800+30"]

1. d4 Nf6 2. c4 e6 3. Nc3 d5 4. cxd5 exd5 5. Bg5 c6 6. e3 h6 7. Bh4 Be6 {[%emt 0:00:12] D35: Queen's Gambit Declined: Exchange Variation} 8. Bd3 Nbd7 9. Nge2 g5 10. Bg3 Nh5 11. Qc2 Nxg3 12. Nxg3 h5 13. e4 dxe4 14. Ngxe4 {[%emt 0:02:13] [#]} Be7 $146 ({Predecessor:} 14... Nb6) 15. O-O-O Qc7 16. Kb1 O-O-O 17. Rhe1 Kb8 18. Ng3 h4 19. Nf5 Bf6 20. Ne2 Qa5 21. a3 Nb6 22. Rd2 c5 23. Rc1 Na4 24. Be4 c4 25. Ne3 Rd7 26. Nc3 Bxd4 27. Nxa4 Bxe3 28. Rxd7 Bxd7 29. fxe3 Qxa4 30. Qxa4 Bxa4 31. Rxc4 Bd7 32. Bd5 Bf5+ 33. e4 Bg6 34. Kc1 Rc8 35. Rxc8+ Kxc8 36. e5 Kd7 37. Kd2 Ke7 38. Kc3 b6 39. Kb4 Bd3 40. a4 f6 41. exf6+ Kxf6 42. Kc3 Ke5 43. Kxd3 Kxd5 44. b4 a6 45. h3 b5 46. a5 Ke5 47. Ke3 $11 Kd5 48. Kd3 Ke5 1/2-1/2

[Event "WYCC 2018 G16"]
[Site "Halkidiki"]
[Date "2018.10.30"]
[Round "11"]
[White "Kobald, Jacqueline"]
[Black "Sabiani, Chjara"]
[Result "1-0"]
[ECO "B32"]
[WhiteElo "1911"]
[BlackElo "1778"]
[Annotator "NA"]
[PlyCount "107"]
[EventDate "2018.10.20"]
[EventType "swiss"]
[EventCountry "GRE"]
[SourceTitle "playchess.com"]
[Source "ChessBase"]
[SourceQuality "1"]
[TimeControl "40/5400+30:1800+30"]

1. e4 c5 2. Nf3 Nc6 3. d4 cxd4 4. Nxd4 e5 {[%emt 0:00:00] LiveBook: 5839 Games} 5. Nb5 d6 6. c4 Be7 7. b3 f5 8. Ba3 Nd4 9. Nxd4 exd4 10. Bb2 Bf6 11. Bd3 Nh6 12. O-O O-O $16 13. Nd2 f4 14. Nf3 Bg4 15. Be2 Qe8 16. h3 d3 17. hxg4 Bxb2 18. Bxd3 Bxa1 19. Qxa1 Nxg4 20. e5 Nxe5 21. Nxe5 Qxe5 22. Qb1 Qh5 23. Be4 Rf6 24. Qd3 Raf8 25. Qd5+ Qxd5 26. Bxd5+ Kh8 27. Bxb7 Re6 28. Bf3 Rfe8 29. b4 Re1 30. a4 Kg8 31. b5 R8e5 32. a5 Rxf1+ 33. Kxf1 Kf8 34. a6 Re7 35. Bb7 Re8 36. b6 axb6 37. a7 Ke7 38. a8=Q Rxa8 39. Bxa8 Ke6 40. Ke2 Ke5 41. Kd3 h5 42. Bf3 h4 43. Kc3 Kf5 44. Kd4 g5 45. Be4+ Kg4 46. Bc6 h3 47. Bd7+ Kh4 48. gxh3 f3 49. Bg4 b5 50. cxb5 d5 51. Ke5 d4 52. b6 d3 53. b7 d2 54. b8=Q 1-0

[Event "WYCC 2018 G16"]
[Site "Halkidiki"]
[Date "2018.10.30"]
[Round "11"]
[White "Nemcova, Karin"]
[Black "Zhang, Xiao"]
[Result "1-0"]
[ECO "B19"]
[WhiteElo "1888"]
[BlackElo "1980"]
[Annotator "NA"]
[PlyCount "65"]
[EventDate "2018.10.20"]
[EventType "swiss"]
[EventCountry "GRE"]
[SourceTitle "playchess.com"]
[Source "ChessBase"]
[SourceQuality "1"]
[TimeControl "40/5400+30:1800+30"]

1. e4 c6 2. d4 d5 3. Nd2 dxe4 4. Nxe4 Bf5 5. Ng3 Bg6 6. h4 h6 7. Nf3 Nd7 8. h5 Bh7 9. Bd3 Bxd3 10. Qxd3 e6 11. Bd2 Ngf6 12. O-O-O Be7 13. Ne4 Nxe4 14. Qxe4 Nf6 {[%emt 0:00:02] B19: Classical Caro-Kann: 4...Bf5 main line} 15. Qd3 (15. Qe2 Qd5 16. c4 Qe4 17. Qxe4 Nxe4 18. Be3 f5 19. Kc2 Rd8 20. Nd2 Nf6 21. Nf3 Ne4 22. Nd2 Nf6 23. Nf3 Ne4 {½-½ (23) Mista,A (2606)-Tomczak,J (2615) Poland 2017}) 15... Qd5 16. Kb1 Qe4 17. Qb3 O-O-O 18. Rhe1 $146 ({Predecessor:} 18. g3 Kb8 19. Rhe1 Qd5 20. Qxd5 cxd5 21. Ne5 Rhf8 22. g4 {½-½ (53) Karasev,V-Kuznecov,S (1808) Kemerovo 2014}) 18... Qd5 19. Qa4 Kb8 20. Ne5 Rhf8 21. c4 Qxg2 22. Bf4 Bd6 {[%emt 0:03:33] [#]} 23. Re3 $17 (23. d5 $1 $18 ) 23... Nxh5 24. d5 Bxe5 25. Bxe5+ Ka8 26. Bc7 a6 27. Bxd8 Rxd8 28. dxc6 Qg6+ 29. Ka1 Rxd1+ 30. Qxd1 bxc6 31. Rb3 Qg5 32. a3 Qe7 33. Qxh5 1-0

[Event "WYCC 2018 G16"]
[Site "Halkidiki"]
[Date "2018.10.30"]
[Round "11"]
[White "Kvendseth, Thyra"]
[Black "Bogdanic, Katarina"]
[Result "0-1"]
[ECO "E11"]
[WhiteElo "1854"]
[BlackElo "2014"]
[Annotator "NA"]
[PlyCount "84"]
[EventDate "2018.10.20"]
[EventType "swiss"]
[EventCountry "GRE"]
[SourceTitle "playchess.com"]
[Source "ChessBase"]
[SourceQuality "1"]
[TimeControl "40/5400+30:1800+30"]

1. d4 Nf6 2. c4 e6 3. Nf3 Bb4+ 4. Nbd2 O-O 5. a3 Bxd2+ 6. Bxd2 b6 7. e3 Bb7 8. Bd3 d6 9. Qc2 Nbd7 10. b4 c5 11. e4 cxd4 12. Nxd4 Ne5 13. f3 Rc8 14. Qb3 d5 15. exd5 Nxd5 16. cxd5 Qh4+ 17. Ke2 Qxd4 18. Be4 exd5 19. Bf5 Rce8 20. Qc3 Nc4+ 21. Kd1 Ne3+ 22. Kc1 Nxf5 23. Qxd4 Nxd4 24. Ra2 Re2 25. Rg1 Rfe8 26. Rb2 Nf5 27. Bg5 Rxb2 28. Kxb2 Re2+ 29. Kb1 h6 30. Bf4 Nh4 31. Rc1 Nxg2 32. Bb8 d4 33. Bxa7 d3 34. Bxb6 Bxf3 35. Rc8+ Kh7 36. Rd8 Be4 37. Kc1 Ra2 38. Rd4 Bg6 39. b5 Nf4 40. Rd8 Ne2+ 41. Kb1 Nc3+ 42. Kc1 Rc2# 0-1

[Event "WYCC 2018 G16"]
[Site "Halkidiki"]
[Date "2018.10.30"]
[Round "11"]
[White "Hoesley, Aria"]
[Black "Djidjeli, Sarah"]
[Result "1-0"]
[ECO "B30"]
[WhiteElo "1831"]
[BlackElo "1952"]
[Annotator "NA"]
[PlyCount "109"]
[EventDate "2018.10.20"]
[EventType "swiss"]
[EventCountry "GRE"]
[SourceTitle "playchess.com"]
[Source "ChessBase"]
[SourceQuality "1"]
[TimeControl "40/5400+30:1800+30"]

1. e4 c5 2. Nf3 Nc6 3. Nc3 d6 4. d4 cxd4 5. Nxd4 e5 6. Nf5 Bxf5 {[%emt 0:01:20] B54: Sicilian: 2...d6 3 d4 cxd4 4 Nxd4, Unusual Lines} 7. exf5 Qd7 8. Bc4 Nge7 $146 ({Predecessor:} 8... Qxf5 9. O-O Nf6 10. f4 e4 11. Nd5 Nxd5 12. Bxd5 Ne7 13. Bxb7 Rb8 14. Ba6 {1-0 (39) Baghdasaryan,V (2437)-Gabuzyan,H (2583) Tsaghkadzor 2017}) 9. g4 Nd4 10. Be2 {[%emt 0:09:24] [#]} Nxe2 ({Black should try} 10... h5 $1 $17 11. f3 (11. gxh5 Qxf5) 11... hxg4 12. fxg4 d5) 11. Qxe2 Nc6 12. Qe4 h5 13. g5 Nd4 14. Be3 Nxf5 15. O-O-O Nxe3 16. Qxe3 Be7 17. Rhg1 Qc6 18. Nd5 Bd8 19. Rgf1 Bb6 20. Qe4 Qc5 21. Rd3 Qa5 22. f4 O-O-O 23. fxe5 Rhe8 24. Nxb6+ Qxb6 25. Qc4+ Kb8 26. exd6 Rd7 27. h4 Qa5 28. Rfd1 Rc8 29. Qb3 Qf5 30. Qa4 Rc6 31. a3 Qe6 32. Kb1 Rc4 33. Qa5 Re4 34. Qc3 Re5 35. Rd4 Qe8 36. Rc4 Re6 37. Qxg7 Rexd6 38. Rxd6 Rxd6 39. Qc3 Rd1+ 40. Ka2 a6 41. Qg3+ Ka8 42. Qf2 Qe6 43. b3 Kb8 44. Rd4 Re1 45. Qf4+ Ka7 46. Rd6 Qe3 47. Qxe3+ ({Inferior is} 47. Qxf7 Qc3 $11) 47... Rxe3 48. Rh6 Kb8 49. Rxh5 Kc8 50. Rh7 Rf3 51. h5 Rg3 52. Rxf7 Rxg5 53. h6 Rg8 54. h7 Rh8 55. Rg7 1-0

[Event "WYCC 2018 G16"]
[Site "Halkidiki"]
[Date "2018.10.30"]
[Round "11"]
[White "Kalyva, Kyriaki"]
[Black "Leonova, Ameliya"]
[Result "0-1"]
[ECO "A58"]
[WhiteElo "1779"]
[BlackElo "1736"]
[Annotator "NA"]
[PlyCount "66"]
[EventDate "2018.10.20"]
[EventType "swiss"]
[EventCountry "GRE"]
[SourceTitle "playchess.com"]
[Source "ChessBase"]
[SourceQuality "1"]
[TimeControl "40/5400+30:1800+30"]

1. d4 Nf6 2. c4 c5 3. d5 b5 4. cxb5 a6 5. bxa6 g6 6. Nc3 Bg7 7. e4 O-O 8. Nf3 Qa5 9. Bd2 Bxa6 10. Be2 d6 11. O-O Bxe2 12. Qxe2 Qa6 13. Qd1 Nbd7 14. Qc2 Rfb8 15. a4 Qc4 16. Ra3 Ne8 17. b3 Qa6 18. Rb1 Nc7 19. Na2 Nb5 20. Bc1 Nxa3 21. Bxa3 Rb7 22. Nd2 Ne5 23. f4 Qd3 24. Qxd3 Nxd3 25. g3 c4 26. Nxc4 Rxa4 27. b4 Rc7 28. Rb3 Rxc4 29. Rxd3 Rc2 30. Nc1 Rc3 31. Bb2 Rxd3 32. Nxd3 Bxb2 33. Nxb2 Ra1+ 0-1

[Event "WYCC 2018 G16"]
[Site "Halkidiki"]
[Date "2018.10.30"]
[Round "11"]
[White "Staravoitava, Hanna"]
[Black "Tejasvi M"]
[Result "1-0"]
[ECO "C45"]
[WhiteElo "1768"]
[BlackElo "1869"]
[Annotator "NA"]
[PlyCount "87"]
[EventDate "2018.10.20"]
[EventType "swiss"]
[EventCountry "GRE"]
[SourceTitle "playchess.com"]
[Source "ChessBase"]
[SourceQuality "1"]
[TimeControl "40/5400+30:1800+30"]

1. e4 e5 2. Nf3 Nc6 3. d4 exd4 4. Nxd4 Bc5 5. Nxc6 Qf6 6. Qf3 Qxf3 7. gxf3 dxc6 8. Be3 Bxe3 9. fxe3 Be6 10. Nd2 O-O-O 11. Bc4 Bxc4 12. Nxc4 Nf6 13. Rg1 g6 14. Ke2 Rhe8 15. a4 Nd7 16. Rad1 Nb6 17. Nxb6+ cxb6 18. Rxd8+ Kxd8 19. h4 Re6 20. h5 Ke7 21. Rh1 h6 22. hxg6 Rxg6 23. f4 Kf6 24. Kf3 Kg7 25. e5 Kh7 26. Rh2 b5 27. axb5 cxb5 28. Ke4 a5 29. c3 a4 30. Kd5 Rc6 31. f5 a3 32. bxa3 Rxc3 33. e4 Rd3+ 34. Kc5 Re3 35. Rh4 Rxa3 36. Kxb5 Ra6 37. Kc5 Kg7 38. Rh2 Ra4 39. Re2 h5 40. Kd6 Rd4+ 41. Ke7 h4 42. e6 fxe6 43. f6+ Kh7 44. f7 1-0

[Event "WYCC 2018 G16"]
[Site "Halkidiki"]
[Date "2018.10.30"]
[Round "11"]
[White "Hovhannisyan, Mane"]
[Black "Esadze, Tamari"]
[Result "0-1"]
[ECO "A17"]
[WhiteElo "1730"]
[BlackElo "1911"]
[Annotator "NA"]
[PlyCount "56"]
[EventDate "2018.10.20"]
[EventType "swiss"]
[EventCountry "GRE"]
[SourceTitle "playchess.com"]
[Source "ChessBase"]
[SourceQuality "1"]
[TimeControl "40/5400+30:1800+30"]

1. Nf3 Nf6 2. c4 e6 3. Nc3 Bb4 4. Qc2 Bxc3 5. Qxc3 b6 6. g3 Bb7 7. Bg2 O-O 8. O-O d6 9. a3 Nbd7 10. b4 c5 11. Bb2 Qe7 12. d3 d5 {[%emt 0:05:23] A17: Englische Eröffnung} 13. bxc5 bxc5 $146 ({Vorgänger:} 13... Nxc5 14. a4 Rfc8 15. a5 dxc4 16. Qxc4 b5 17. Qh4 Nd5 18. Qh5 b4 19. Rfb1 f6 20. Nd4 {0-1 (28) Cebalo,M (2540)-Kovacevic,B (2340) Medulin 1997}) 14. a4 d4 15. Qc2 e5 16. Nd2 Bxg2 17. Kxg2 Nh5 18. Ba3 f5 19. Rab1 Qd6 20. Rb2 Rf6 21. Rfb1 Rg6 $11 22. Rb5 Qc6+ 23. Kg1 Nf4 24. Nf3 e4 25. Nh4 exd3 26. exd3 Nh3+ 27. Kf1 Re8 28. Ng2 Nf4 0-1

[Event "WYCC 2018 G16"]
[Site "Halkidiki"]
[Date "2018.10.30"]
[Round "11"]
[White "Simkunaite, Gabija"]
[Black "Plaza Reino, Mercedes"]
[Result "0-1"]
[ECO "B22"]
[WhiteElo "1650"]
[BlackElo "1727"]
[Annotator "NA"]
[PlyCount "80"]
[EventDate "2018.10.20"]
[EventType "swiss"]
[EventCountry "GRE"]
[SourceTitle "playchess.com"]
[Source "ChessBase"]
[SourceQuality "1"]
[TimeControl "40/5400+30:1800+30"]

1. e4 c5 2. c3 d5 3. exd5 Qxd5 4. d4 Nf6 5. Nf3 Bg4 6. dxc5 Qxd1+ 7. Kxd1 e5 8. b4 e4 9. h3 Bh5 10. g4 Nxg4 11. hxg4 Bxg4 12. Nbd2 exf3 13. Bc4 Nc6 14. Kc2 Be7 15. Re1 Kf8 16. Nb3 Bf5+ 17. Kb2 Bf6 18. a3 g5 19. Be3 Ne5 20. Bf1 Nd3+ 21. Bxd3 Bxd3 22. Rad1 Bb5 23. Na5 Rb8 24. Rd6 Be7 25. Rd5 h6 26. Bd4 f6 27. Rf5 Be2 28. c6 b6 29. c7 Rc8 30. Nc6 Rxc7 31. Nxe7 Rxe7 32. Rxf6+ Ke8 33. Rh1 Rhh7 34. Rfxh6 Rxh6 35. Rxh6 Bd3 36. Be3 Rxe3 37. Rh2 Re2+ 38. Kb3 g4 39. a4 g3 40. Rh8+ Kf7 0-1

[Event "WYCC 2018 G16"]
[Site "Halkidiki"]
[Date "2018.10.30"]
[Round "11"]
[White "Akti, Ezgi"]
[Black "Skaslien, Ingrid"]
[Result "0-1"]
[ECO "B30"]
[WhiteElo "1643"]
[BlackElo "1885"]
[Annotator "NA"]
[PlyCount "62"]
[EventDate "2018.10.20"]
[EventType "swiss"]
[EventCountry "GRE"]
[SourceTitle "playchess.com"]
[Source "ChessBase"]
[SourceQuality "1"]
[TimeControl "40/5400+30:1800+30"]

1. e4 c5 2. Nf3 Nc6 3. c3 Qa5 4. Na3 e6 5. Nc4 Qc7 6. d4 cxd4 7. cxd4 b5 8. Ne3 Bb7 9. Bd2 Nf6 10. d5 Ne5 11. dxe6 fxe6 12. Bxb5 Bxe4 13. Qe2 Nxf3+ 14. gxf3 Bc6 15. Bxc6 Qxc6 16. Rc1 Qb7 17. Bc3 Bb4 18. O-O Bxc3 19. Rxc3 O-O 20. Rd1 Nh5 21. Ng4 Nf4 22. Qd2 Qb5 23. Kh1 h5 24. Ne3 Nh3 25. Ng2 Rf5 26. f4 Rd5 27. Qxd5 Nxf2+ 28. Kg1 exd5 29. Rb3 Qxb3 30. axb3 Nxd1 31. Kf1 Re8 0-1

[Event "WYCC 2018 G16"]
[Site "Halkidiki"]
[Date "2018.10.30"]
[Round "11"]
[White "Mairambekova, Aiperi"]
[Black "Bania, Eleni"]
[Result "1/2-1/2"]
[ECO "C80"]
[WhiteElo "1398"]
[BlackElo "1454"]
[Annotator "NA"]
[PlyCount "62"]
[EventDate "2018.10.20"]
[EventType "swiss"]
[EventCountry "GRE"]
[SourceTitle "playchess.com"]
[Source "ChessBase"]
[SourceQuality "1"]
[TimeControl "40/5400+30:1800+30"]

1. e4 e5 2. Nf3 Nc6 3. Bb5 a6 4. Ba4 Nf6 5. O-O Nxe4 6. Re1 Nc5 7. Bxc6 dxc6 8. Nxe5 Be7 9. d4 Ne6 10. Be3 O-O 11. Nc3 Bf6 12. f4 Re8 13. Ne2 Nf8 14. Ng3 Bh4 15. Qh5 Ng6 16. Rad1 Nxe5 17. dxe5 Qe7 18. f5 Bxg3 19. hxg3 g6 20. fxg6 fxg6 21. Qh6 Qg7 22. Qxg7+ Kxg7 23. Bf4 Be6 24. Rd2 Rad8 25. Red1 Rxd2 26. Rxd2 h6 27. a4 g5 28. Be3 Kg6 29. Rf2 Bf5 30. Bd4 Rd8 31. c3 h5 1/2-1/2

[Event "WYCC 2018 G16"]
[Site "Halkidiki"]
[Date "2018.10.30"]
[Round "11"]
[White "Sagar Siya"]
[Black "Pecorini, Angie"]
[Result "0-1"]
[ECO "B56"]
[WhiteElo "1310"]
[BlackElo "1847"]
[Annotator "NA"]
[PlyCount "104"]
[EventDate "2018.10.20"]
[EventType "swiss"]
[EventCountry "GRE"]
[SourceTitle "playchess.com"]
[Source "ChessBase"]
[SourceQuality "1"]
[TimeControl "40/5400+30:1800+30"]

1. e4 c5 2. Nf3 d6 3. d4 cxd4 4. Nxd4 Nf6 5. Nc3 Nc6 6. f3 e5 7. Nb3 Be7 8. Be3 O-O 9. Qd2 a5 10. Bb5 Na7 11. Bd3 Be6 12. O-O-O Nc8 13. Kb1 Nb6 14. g4 Nc4 15. Bxc4 Bxc4 16. g5 Nd7 17. h4 a4 18. Nc1 f5 19. gxf6 Rxf6 20. f4 exf4 21. Bxf4 Nc5 22. Rhg1 Kh8 23. h5 Bf7 24. Qg2 Qf8 25. Bg5 a3 26. Bxf6 Bxf6 27. N1e2 axb2 28. Nd5 Bxd5 29. exd5 Rxa2 30. c3 Qa8 31. Qg4 Ra4 32. Nd4 Ra1+ 33. Kc2 Qa4+ 34. Kd2 Nb3+ 35. Ke3 Qe8+ 36. Kf2 Nc1 37. Nc2 b1=Q 38. Nxa1 Qxa1 39. Rxc1 Qb2+ 40. Kg3 Be5+ 41. Kf3 Qh2 42. Rh1 Qf8+ 43. Ke4 Qhf4+ 44. Qxf4 Qxf4+ 45. Kd3 Qf3+ 46. Kc4 Qe4+ 47. Kb3 Qxd5+ 48. Kb2 Qb5+ 49. Kc2 Qc4 50. Kb2 b5 51. Rhf1 Kg8 52. Rfe1 b4 0-1